 Dungeon Crawl Stone Soup version 0.29-a0-356-g7bc237e783 (webtiles) character file.

Game seed: 7054934376958583869

108904 Nocotake the Cleaver (level 17, -3/124 (135) HPs)
             Began as a Formicid Abyssal Knight on Apr 25, 2022.
             Was a High Priest of Lugonu.
             Slain by an Ice Fiend (10 damage)
             ... summoned by a deep elf demonologist
             ... on level 1 of the Elven Halls on Apr 27, 2022.
             The game lasted 02:33:44 (32455 turns).

Nocotake the Cleaver (Formicid Abyssal Knight)     Turns: 32455, Time: 02:33:45

HP:   -3/124 (135)  AC: 13    Str: 27    XL:     17   Next: 5%
MP:   27/27         EV: 16    Int: 26    God:    Lugonu [*****.]
Gold: 2442          SH:  6    Dex: 15    Spells: 19/29 levels left

rFire   + . .      SeeInvis +   a - +9 executioner's axe (flame)
rCold   + . .      Faith    .   D - +0 buckler
rNeg    . . .      Spirit   .   p - +0 ring mail of Honour {Str+4 Int+8}
rPois   +          Reflect  .   (helmet unavailable)
rElec   .          Harm     .   K - scarf {rC+ rF+}
rCorr   .          Rampage  .   n - +2 pair of gloves {Str+3}
Will    +....                   d - +0 pair of boots
Stlth   ++........              j - amulet of regeneration
HPRegen 1.10/turn               N - ring of poison resistance
MPRegen 0.20/turn               s - +6 ring of intelligence

@: mighty, drained
A: permanent stasis, dig shafts and tunnels, antennae 3, four strong arms
a: Dig, Shaft Self, Renounce Religion, Depart the Abyss, Bend Space, Banish,
Corrupt, Enter the Abyss


You were on level 1 of the Elven Halls.
You worshipped Lugonu.
Lugonu was extremely pleased with you.
You visited 5 branches of the dungeon, and saw 25 of its levels.
You visited the Abyss 1 time.
You also visited: Desolation.

You collected 3393 gold pieces.
You spent 951 gold pieces at shops.

Inventory:

Hand Weapons
 a - a +9 executioner's axe of flaming (weapon)
Missiles
 h - 6 javelins
 k - 18 boomerangs (quivered)
Armour
 d - a +0 pair of boots (worn)
 n - a +2 pair of gloves of strength (worn)
 p - the +0 ring mail of Honour (worn) {Str+4 Int+8}
   (You found it on level 1 of the Lair of Beasts)

   Str:       It affects your strength (+4).
   Int:       It affects your intelligence (+8).
 x - a +0 kite shield
 D - a +0 buckler (worn)
 K - a scarf of resistance (worn)
Jewellery
 c - a ring of willpower
 e - the amulet "Uliatob" {Acrobat Drain Int+6}
   (You took it off a wizard on level 10 of the Dungeon)

   [amulet of the acrobat]

   It increases your evasion while moving and waiting.
   Int:       It affects your intelligence (+6).
   Drain:     It drains your maximum health when unequipped.
 j - an amulet of regeneration (around neck)
 s - a +6 ring of intelligence (right hand)
 N - a ring of poison resistance (left hand)
 O - an amulet of guardian spirit
Wands
 q - a wand of acid (1)
 u - a wand of iceblast (8)
 y - a wand of paralysis (15)
 C - a wand of flame (69)
 H - a wand of digging (3)
Scrolls
 g - 7 scrolls of fear
 i - 20 scrolls of identify
 r - 3 scrolls of enchant armour
 v - 2 scrolls of magic mapping
 w - a scroll of silence
 A - 6 scrolls of amnesia
 E - 2 scrolls of summoning
 F - 2 scrolls of fog
 M - a scroll of brand weapon
Potions
 b - 6 potions of ambrosia
 f - 5 potions of attraction
 l - 3 potions of invisibility
 m - 2 potions of flight
 o - 7 potions of brilliance
 z - 5 potions of curing
 B - 3 potions of magic
 G - a potion of might
 J - a potion of mutation
Miscellaneous
 t - a tin of tremorstones (2/2)
 L - a piece from Xom's chessboard (15/15)


   Skills:
 + Level 12.9 Fighting
 * Level 14.3 Axes
 + Level 12.8 Armour
 + Level 10.5 Dodging
 - Level 4.0 Stealth
 * Level 7.3 Shields
 + Level 6.7 Spellcasting
 + Level 7.2 Hexes
 - Level 4.0 Summonings
 + Level 3.1 Air Magic
 + Level 13.5 Invocations


You had 19 spell levels left.
You knew the following spells:

 Your Spells              Type           Power      Damage    Failure   Level
a - Confusing Touch       Hex            46%        N/A       1%          3
b - Call Imp              Summ           29%        N/A       3%          2
c - Silence               Hex/Air        17%        N/A       34%         5

Your spell library contained the following spells:

 Spells                   Type           Power      Damage    Failure   Level
 Slow                     Hex            100%       N/A       1%          1
 Summon Guardian Golem    Hex/Summ       37%        N/A       3%          3
 Dazzling Flash           Conj/Hex       54%        N/A       7%          3
 Magic Dart               Conj           32%        1d4       11%         1
 Mephitic Cloud           Conj/Pois/Air  14%        N/A       21%         3
 Conjure Flame            Conj/Fire      8%         6-21      30%         3
 Ignite Poison            Fire/Tmut/Pois 8%         N/A       30%         3
 Vampiric Draining        Necr           8%         2d6       30%         3
 Yara's Violent Unravell  Hex/Tmut       13%        3d7       54%         5
 Sticky Flame             Conj/Fire      8%         2d3       71%         4
 Freezing Cloud           Conj/Ice/Air   7%         6-21      88%         5
 Agony                    Necr           8%         N/A       96%         5
 Fireball                 Conj/Fire      4%         3d4       96%         5
 Iskenderun's Battlesphe  Conj           8%         2d6       96%         5
 Enfeeble                 Hex            23%        N/A       99%         7
 Conjure Ball Lightning   Conj/Air       8%         3x3d6     100%        6
 Orb of Destruction       Conj           4%         9d5       100%        7
 Spellforged Servitor     Conj/Summ      9%         N/A       100%        7


Dungeon Overview and Level Annotations

Branches:
Dungeon (15/15)            Temple (1/1) D:5            Lair (6/6) D:10
  Swamp (0/4) Lair:2       Spider (0/4) Lair:4        Slime (0/5) Lair:6
    Orc (2/2) D:9             Elf (1/3) Orc:2        Vaults (0/5) D:14
 Depths (0/4) D:15        Desolation (visited)

Altars:
Ashenzari
Cheibriados
Dithmenos
Elyvilon
Fedhas
Gozag
Hepliaklqana
Kikubaaqudgha
Makhleb
Nemelex Xobeh
Okawaru
Qazlal
Ru
Sif Muna
Trog
Uskayaw
Vehumet
Wu Jian
Xom
Yredelemnul
Zin
The Shining One
Beogh

Shops:
D:2 *   D:10 [   D:12 *   Orc:2 [?:(

Annotations:
D:13 3 runed translucent doors, pigah's ghost, journeyman OpAE
Abyss:1 Amaemon; Frances; Joseph; Maurice; Nergalle; Snorg


Innate Abilities, Weirdness & Mutations

You cannot be hasted, slowed, berserked, paralysed or teleported.
You can dig through walls and to a lower floor.
You have a pair of large antennae on your head. (SInv)
Your four strong arms can wield two-handed weapons with a shield.


Message History

The deep elf pyromancer hits you with a +0 long sword. x2
The deep elf demonologist gestures wildly while chanting.
Unknown command.
Space bends violently around you!
You blink.
You extend your mandibles.
You dig through the rock wall.
You feel drained.
You dig through the rock wall.
You feel drained.
You dig through the rock wall.
You feel drained.
You retract your mandibles.
You slash the fire elemental!
The fire elemental is severely damaged.
The fire elemental barely misses you. The fire elemental hits you.
The fire elemental burns you! You resist.
You hit the fire elemental.
The fire elemental is almost destroyed.
The fire elemental hits you. The fire elemental burns you! You resist.
You barely miss the fire elemental.
The fire elemental is almost destroyed.
The fire elemental disappears in a puff of smoke!
You start resting.
An Ice Fiend is nearby!
You feel very mighty all of a sudden. You block the Ice Fiend's attack.
The Ice Fiend claws you. The Ice Fiend freezes you!! You resist.
You slice the Ice Fiend!! You burn the Ice Fiend!!
The Ice Fiend is heavily wounded.
The Ice Fiend claws you! The Ice Fiend freezes you! You resist.
* * * LOW HITPOINT WARNING * * *
The Ice Fiend misses you.
You hit the Ice Fiend but do no damage.
The Ice Fiend is heavily wounded.
You block the Ice Fiend's attack. The Ice Fiend closely misses you.
You slash the Ice Fiend! You burn the Ice Fiend.
The Ice Fiend is severely wounded.
The Ice Fiend calls on the powers of darkness!
Your body is wracked with pain!
* * * LOW HITPOINT WARNING * * *
The Ice Fiend claws you!
* * * LOW HITPOINT WARNING * * *
The Ice Fiend freezes you! You resist.
You die...

...##..☼.#
*#.....))#
..#..##).##
:.#,**##).#
##e.**##○e####
.....##{{{☼..#
*#e1..{.####°####
*##....## #.##1##
**#...## #○#{#@#
*#....* #.{####
......* ##.######
.....########..{...#
..##...............#
.#*#...............#
.* *#...###.####..##
.#* #.....#.*..#..#
..#*#.....###..#..#


You could see an Ice Fiend (summoned).

Vanquished Creatures
  A very ugly thing (D:15)
  An ettin (D:15)
  6 hydras
  2 ogre magi
  2 servants of whispers
  A merfolk avatar (Lair:6)
  3 centaur warriors
  3 two-headed ogres
  A dancing weapon (Elf:1)
  12 death yaks
  An orc high priest (Orc:2)
  2 deep elf knights
  3 skeletal warriors
  2 deep trolls (D:15)
  A deep elf archer (Elf:1)
  2 wizards
  3 orc knights
  A wolf spider (Lair:6)
  5 deep elf zephyrmancers
  11 deep elf pyromancers
  A harpy (Lair:6)
  2 ugly things (D:12)
  9 orc sorcerers
  6 manticores
  8 elephants
  5 cyclopes
  4 black mambas
  An orange demon (D:8)
  20 cane toads
  4 centaur skeletons (D:14)
  2 gargoyles
  A yaktaur (shapeshifter) (D:13)
  An efreet (D:10)
  7 rime drakes
  A kobold demonologist (D:14)
  5 yaktaurs
  8 komodo dragons
  A komodo dragon (shapeshifter) (D:10)
  2 trolls
  2 wind drakes (Lair:6)
  4 polar bears
  A tyrant leech (Lair:2)
  9 hornets
  14 blink frogs
  A dream sheep (Lair:6)
  9 slime creatures
  6 saltlings
  5 shadows
  3 water elementals
  2 spriggans
  A spriggan (shapeshifter) (D:13)
  A vampire (D:10)
  An air elemental (Elf:1)
  4 wraiths
  5 basilisks
  7 wyverns
  42 yaks
  9 vampire mosquitoes
  A steam dragon (D:8)
  2 wargs
  An acid dragon (D:10)
  A swamp worm (Lair:2)
  13 water moccasins
  2 floating eyes (Orc:1)
  26 orc warriors
  A sky beast (D:7)
  2 black bears
  4 ogres
  12 wolves
  13 centaurs
  4 kobold brigands
  A necrophage (D:7)
  12 bullfrogs
  2 earth elementals (Elf:1)
  3 gnoll sergeants
  2 scorpions (D:5)
  22 wights
  9 killer bees
  4 electric eels
  7 howler monkeys
  2 hounds (D:4)
  A gnoll shaman (D:8)
  15 orc priests
  4 jellies
  Ijyb (D:3)
  36 orc wizards
  A centaur simulacrum (D:10)
  16 gnolls
  8 adders
  2 shadow imps
  2 worms
  6 dart slugs
  76 orcs
  9 ball pythons
  13 endoplasms
  5 giant cockroaches
  9 goblins
  7 hobgoblins
  2 jackals (D:3)
  17 kobolds
  2 quokkas
  3 bats
  7 frilled lizards
  9 rats
674 creatures vanquished.

Vanquished Creatures (collateral kills)
  A black mamba (Lair:6)
1 creature vanquished.

Vanquished Creatures (others)
  An angel (D:6)
  A wizard (D:15)
  A bush (Lair:6)
  55 fungi
  67 plants
125 creatures vanquished.

Grand Total: 800 creatures vanquished

Notes
Turn   | Place    | Note
-------+----------+-------------------------------------------
     0 | Abyss:1  | Nocotake the Formicid Abyssal Knight began the quest for
                  | the Orb.
     0 | Abyss:1  | Reached XP level 1. HP: 18/18 MP: 2/2
    38 | D:1      | Escaped the Abyss
   188 | D:1      | Reached XP level 2. HP: 25/25 MP: 3/3
   583 | D:1      | Reached skill level 1 in Dodging
   584 | D:1      | Reached XP level 3. HP: 28/30 MP: 4/4
   618 | D:1      | Reached skill level 1 in Stealth
   737 | D:1      | Found a faded altar of an unknown god.
  1234 | D:1      | Reached *** piety under Lugonu
  1472 | D:2      | Reached XP level 4. HP: 20/37 MP: 5/5
  1875 | D:2      | Found Doasut's General Store.
  1880 | D:2      | Bought a scroll of identify for 24 gold pieces
  1880 | D:2      | Bought a scroll of fear for 42 gold pieces
  2483 | D:3      | You fall into a shaft and drop 2 floors!
  2483 | D:5      | Entered Level 5 of the Dungeon
  2484 | D:5      | Noticed an ogre
  2485 | D:5      | Noticed a shadow
  2495 | D:5      | Reached XP level 5. HP: 42/42 MP: 7/7
  2501 | D:5      | Killed an ogre
  2808 | D:4      | Reached XP level 6. HP: 18/47 MP: 3/8
  3255 | D:3      | Found a burning altar of Makhleb.
  3255 | D:3      | Noticed a balrug
  3258 | D:3      | Noticed a smoke demon
  3258 | D:3      | Noticed an orange demon
  3435 | D:3      | Found a bloodstained altar of Trog.
  3620 | D:3      | Reached skill level 3 in Axes
  3888 | D:3      | Noticed Ijyb
  3953 | D:3      | Killed Ijyb
  4522 | D:4      | Found a hazy altar of Hepliaklqana.
  4757 | D:4      | Noticed a sky beast
  4778 | D:4      | Banished a sky beast
  4779 | D:4      | Reached XP level 7. HP: 18/55 MP: 4/9
  5210 | D:4      | Reached skill level 5 in Fighting
  5356 | D:4      | Reached **** piety under Lugonu
  5681 | D:4      | Upgraded the game from 0.29-a0-352-g0917bc69df to
                  | 0.29-a0-356-g7bc237e783
  5699 | D:5      | Noticed a water moccasin
  5700 | D:5      | Banished a water moccasin
  5832 | D:5      | Found a blossoming altar of Fedhas.
  5860 | D:5      | Banished a shadow
  5861 | D:5      | Reached XP level 8. HP: 63/63 MP: 6/11
  5921 | D:5      | Found a staircase to the Ecumenical Temple.
  5980 | D:5      | Reached skill level 4 in Axes
  6521 | Temple   | Entered the Ecumenical Temple
  6953 | D:6      | Reached skill level 5 in Invocations
  7063 | D:6      | Reached skill level 5 in Armour
  7236 | D:6      | Killed an angel
  7457 | D:5      | Reached XP level 9. HP: 16/69 MP: 10/13
  7770 | D:6      | Found a shimmering altar of Xom.
  7770 | D:6      | Found a glowing silver altar of Zin.
  8640 | D:6      | Found an ancient bone altar of Kikubaaqudgha.
  8821 | D:7      | Reached skill level 5 in Axes
  9302 | D:7      | Found an ornate altar of the Wu Jian Council.
  9465 | D:7      | Found a basalt altar of Yredelemnul.
 10306 | D:8      | Noticed Amaemon
 10311 | D:8      | Banished Amaemon
 10312 | D:8      | Reached skill level 5 in Dodging
 10313 | D:8      | Noticed an orange demon
 10319 | D:7      | Reached XP level 10. HP: 50/79 MP: 6/15
 10415 | D:7      | Reached skill level 6 in Axes
 11963 | D:8      | Killed an orange demon
 12317 | D:9      | Noticed Joseph
 12319 | D:9      | Banished Joseph
 12320 | D:9      | Reached skill level 7 in Axes
 12504 | D:9      | Reached XP level 11. HP: 68/87 MP: 17/17
 12545 | D:9      | Noticed a two-headed ogre
 12551 | D:9      | Banished a two-headed ogre
 12725 | D:9      | Found a staircase to the Orcish Mines.
 12836 | D:9      | Noticed Maurice
 12837 | D:9      | Banished Maurice
 13688 | D:9      | Identified a scroll of acquirement
 13688 | D:9      | Acquired a +4 executioner's axe of flaming
 13698 | D:10     | Entered Level 10 of the Dungeon
 13745 | D:10     | Found an opulent altar of Gozag.
 13845 | D:10     | Found a radiant altar of Vehumet.
 13848 | D:10     | Found a broken altar of Ashenzari.
 13850 | D:10     | Found a stormy altar of Qazlal.
 13913 | D:10     | Found a runed translucent door.
 13915 | D:10     | Found a runed translucent door.
 13915 | D:10     | Noticed a manticore
 14104 | D:10     | Reached skill level 8 in Axes
 14186 | D:10     | Found Oreucsuow's Antique Armour Shop.
 14194 | D:10     | Bought a pair of embroidered gloves for 157 gold pieces
 14234 | D:10     | Found a staircase to the Lair.
 14699 | Orc:1    | Entered Level 1 of the Orcish Mines
 14889 | Orc:1    | Noticed an ogre mage
 14913 | Orc:1    | Killed an ogre mage
 14915 | Orc:1    | Noticed an ogre mage
 14915 | Orc:1    | Noticed an orc sorcerer
 14933 | Orc:1    | Killed an orc sorcerer
 14934 | Orc:1    | Reached XP level 12. HP: 81/96 MP: 19/19
 15088 | Orc:1    | Noticed a sixfirhy
 15090 | Orc:1    | Reached skill level 9 in Axes
 15345 | Orc:1    | Reached skill level 10 in Invocations
 15679 | Orc:1    | Banished an ogre mage
 15688 | Orc:2    | Entered Level 2 of the Orcish Mines
 15688 | Orc:2    | Found a staircase to the Elven Halls.
 15702 | Orc:1    | Reached skill level 10 in Fighting
 15889 | Orc:2    | Reached ***** piety under Lugonu
 15950 | Orc:2    | Noticed an orc high priest
 16013 | Orc:2    | Killed an orc high priest
 16401 | Orc:2    | Found a radiant altar of Vehumet.
 16404 | Orc:2    | Noticed an ogre mage
 16416 | Orc:2    | Killed an ogre mage
 16417 | Orc:2    | Reached skill level 10 in Axes
 16466 | Orc:2    | Found Nepoih's Antique Armour Emporium.
 16488 | Orc:2    | Reached skill level 10 in Armour
 16641 | Orc:2    | Reached XP level 13. HP: 57/104 MP: 16/21
 16734 | Orc:2    | Found an ancient bone altar of Kikubaaqudgha.
 16789 | Orc:2    | Found Abeku's Book Shoppe.
 16897 | Orc:2    | Found Eshriq's Antique Weapon Shoppe.
 16906 | Orc:2    | Found Ximenura's Magic Scroll Emporium.
 17101 | Lair:1   | Entered Level 1 of the Lair of Beasts
 17269 | Lair:1   | Learned a level 3 spell: Confusing Touch
 17405 | Lair:1   | Reached skill level 11 in Axes
 17405 | Lair:1   | Reached skill level 1 in Hexes
 17487 | Lair:1   | Reached skill level 1 in Spellcasting
 17553 | Lair:1   | Identified the +0 ring mail of Honour {Str+4 Int+8}
 17620 | Lair:1   | Learned a level 2 spell: Call Imp
 18169 | Lair:2   | Reached skill level 1 in Summonings
 18559 | Lair:2   | Found a staircase to the Swamp.
 19218 | Lair:3   | Noticed a five-headed hydra
 19234 | Lair:2   | Killed a one-headed hydra
 19555 | Lair:1   | Reached XP level 14. HP: 80/113 MP: 18/22
 20477 | D:12     | Found Ijuosupp's Incredible Inventory.
 20749 | D:12     | Reached skill level 12 in Axes
 20996 | D:12     | Noticed Snorg
 21005 | D:12     | Banished Snorg
 21284 | D:12     | Noticed Frances
 21286 | D:12     | Banished Frances
 21396 | D:13     | Found a runed translucent gate.
 21396 | D:13     | Found a runed translucent gate.
 21396 | D:13     | Found a runed translucent gate.
 21398 | D:13     | Noticed pigah's ghost (journeyman OpAE)
 22600 | Lair:2   | Reached skill level 5 in Hexes
 23769 | Lair:4   | Noticed Nergalle
 23790 | Lair:3   | Reached skill level 1 in Shields
 23991 | Lair:4   | Reached XP level 15. HP: 98/114 MP: 24/24
 23994 | Lair:4   | Banished Nergalle
 24398 | Lair:4   | Found a hole to the Spider Nest.
 24581 | Lair:5   | Found a shimmering altar of Xom.
 25297 | Lair:6   | Entered Level 6 of the Lair of Beasts
 25645 | Lair:6   | Reached skill level 13 in Axes
 25685 | Lair:6   | Reached skill level 5 in Spellcasting
 26180 | Lair:6   | Identified the +9 shortbow of Qeasies {freeze, +Blink rC+
                  | Str+4 Int-4}
 26205 | Lair:6   | Learned a level 5 spell: Silence
 26319 | Lair:6   | Found a staircase to the Slime Pits.
 27029 | Lair:6   | Reached skill level 1 in Air Magic
 27231 | Lair:5   | Reached skill level 10 in Dodging
 27729 | Lair:6   | Reached XP level 16. HP: 120/128 MP: 25/25
 28594 | D:10     | Identified the amulet "Uliatob" {Acrobat Drain Int+6}
 28927 | D:14     | Reached skill level 5 in Shields
 30049 | D:14     | Found a gate to the Vaults.
 30286 | D:15     | Entered Level 15 of the Dungeon
 30433 | D:15     | Reached skill level 14 in Axes
 31021 | D:15     | Found a staircase to the Depths.
 31455 | Orc:2    | Bought a scroll of acquirement for 728 gold pieces
 31456 | Orc:2    | Acquired 851 gold pieces
 31973 | Elf:1    | Entered Level 1 of the Elven Halls
 32179 | Elf:1    | Found a crumbling gateway.
 32190 | Desolati | Entered the Desolation of Salt
 32215 | Elf:1    | HP: 6/129 [ragged hierophant/+0 long sword (13)]
 32385 | Elf:1    | Identified the +6 short sword of the Hummingbird {freeze,
                  | rC+}
 32389 | Elf:1    | Reached XP level 17. HP: 86/135 MP: 25/27
 32436 | Elf:1    | Noticed an Ice Fiend
 32455 | Elf:1    | Slain by an Ice Fiend

Illustrated notes

Levels and vault maps discovered:
D:1:      dpeg_arrival_orchard, layout_loops_corners,
          hellmonk_ecumenical_altar_slurped_away
D:2:      layout_basic, serial_shops, shop
D:3:      layout_loops_corners, trog_antimagical, makhleb_altar_promises_db,
          wad_floor_pattern_2, uniq_ijyb
D:4:      layout_basic, worldfamousw_hep_ancestral_shrine
D:5:      layout_loops_ring, lemuel_crystal_altar, minmay_temple_entry_slanted,
          corexii_leaking_fountain
D:6:      layout_basic, grunt_temple_overflow_order_and_chaos_1,
          kennysheep_little_box, dreamdust_princess_corridor,
          minmay_misc_feat_columns
D:7:      layout_basic, mainiacjoe_overflow_boulevard,
          mainiacjoe_overflow_cross_hatched
D:8:      layout_cave_pools, uniq_amaemon
D:9:      layout_gridville, orc_0_dummy, minmay_diced_spiral, uniq_maurice,
          uniq_joseph
D:10:     minmay_the_grid_triangle_9x9_rhombus_full
          [minmay_the_grid_triangle_9x9_impossible_snake,
          minmay_the_grid_triangle_9x9_descending_squares,
          minmay_the_grid_triangle_9x9_tough_junction,
          minmay_the_grid_triangle_9x9_negative_grid,
          minmay_the_grid_triangle_9x9_cache,
          minmay_the_grid_triangle_9x9_longest,
          minmay_the_grid_triangle_9x9_minimal,
          minmay_the_grid_triangle_9x9_prize_center], layout_cave_pods,
          grunt_temple_overflow_open, grunt_gozag_breadcrumbs, lair_entry_dummy,
          serial_shops, nicolae_shop_advertising_works
          [nicolae_subvault_shop_adworks]
D:11:     layout_loops_ring
D:12:     layout_rooms, nicolae_alphabet_shops, uniq_frances, uniq_snorg
D:13:     layout_basic, gammafunk_ghost_hydra_chop, hangedman_decor_lopped
D:14:     layout_basic, hangedman_vaults_entry_quadrant_bands,
          infiniplex_staircase_zigzag_4, roderic_serpentine_path
D:15:     hangedman_depths_entry_civil_slaughter, layout_basic,
          hangedman_decor_peaks_small
Temple:   compressed_dpeg_triangle_lava_temple
Lair:1:   layout_regular_city, serial_bayou_pond_e
Lair:2:   layout_gridlike, minmay_swamp_entry_worms, beast_lair_carwin_1
Lair:3:   layout_misc_corridors, minmay_hedge_maze, forest_entry_grove,
          lemuel_fruit_tree
Lair:4:   layout_layer_cave, nicolae_spider_entry_orb_guardian,
          grunt_megastairs_4, uniq_nergalle
Lair:5:   layout_regular_city, basic_altar
Lair:6:   gammafunk_lair_ancient_temple, layout_cave_pods,
          minmay_slime_entry_pillars, grunt_forest_large_clearing_hut
Orc:1:    hellmonk_paralyzer, layout_diamond_mine, nicolae_orc_bridge_out
Orc:2:    kennysheep_orc_mage_school, layout_diamond_mine,
          nicolae_orc_tapped_out
Elf:1:    eino_elf_arrival_the_gate, layout_rooms, portal_desolation_entry_ruin,
          minmay_elf_demonology, hellmonk_bongcloud_opening, minmay_shop_star,
          uniq_azrael

Skill      XL: |  1  2  3  4  5  6  7  8  9 10 11 12 13 14 15 16 |
---------------+-------------------------------------------------+-----
Dodging        | 1 2 3 5 6 7 8 9 10 | 10.5
Stealth        | 1 2 3 4 |  4.0
Fighting       | 4 5 6 7 8 9 10 11 12 | 12.9
Armour         | 3 4 5 6 7 9 10 11 12 | 12.8
Invocations    | 3 4 5 6 8 9 10 11 12 13 | 13.5
Axes           | 3 4 5 7 8 10 11 12 13 14 | 14.3
Hexes          | 3 5 6 7 |  7.2
Spellcasting   | 2 4 5 6 |  6.7
Summonings     | 2 4 |  4.0
Shields        | 1 4 7 |  7.3
Air Magic      | 1 3 |  3.1

Action                   |  1- 3 |  4- 6 |  7- 9 | 10-12 | 13-15 | 16-18 || total
-------------------------+-------+-------+-------+-------+-------+-------++-------
Melee: Hand axe          |   100 |    86 |       |       |       |       ||   186
       Punch             |       |     1 |     7 |     8 |     3 |       ||    19
       Broad axe         |       |    91 |   174 |   208 |       |       ||   473
       Unarmed           |       |    14 |       |       |       |       ||    14
       Dagger            |       |       |    30 |    45 |       |       ||    75
       Executioner's axe |       |       |       |   280 |   801 |   343 ||  1424
 Fire: Shortbow          |       |       |       |     2 |       |       ||     2
Throw: Boomerang         |       |     7 |    10 |     4 |     6 |     1 ||    28
       Throwing net      |       |     1 |       |       |       |       ||     1
 Cast: Confusing Touch   |       |       |       |       |    55 |    15 ||    70
       Call Imp          |       |       |       |       |    14 |     3 ||    17
Invok: Banish            |       |     2 |     7 |    14 |    25 |     7 ||    55
       Bend Space        |       |       |       |     3 |    22 |     2 ||    27
 Abil: Dig               |       |       |     4 |     3 |       |     1 ||     8
Evoke: Wand              |       |     3 |     3 |    17 |     2 |     8 ||    33
  Use: Potion            |     2 |     9 |     5 |     5 |     3 |     2 ||    26
       Scroll            |     1 |     4 |     2 |     4 |     6 |     6 ||    23
 Stab: Sleeping          |     3 |     4 |     4 |       |     6 |     2 ||    19
       Distracted        |       |       |       |     1 |     1 |       ||     2
       Confused          |       |       |       |       |    18 |    11 ||    29
       Paralysed         |       |       |       |       |     2 |       ||     2
Armor: Leather armour    |    20 |    38 |    58 |    32 |       |       ||   148
       Ring mail         |       |       |       |   140 |   391 |   103 ||   634
       Chain mail        |       |       |       |    81 |    59 |       ||   140
Dodge: Dodged            |    49 |   125 |   150 |   459 |   794 |   234 ||  1811
Block: Buckler           |       |       |       |       |    90 |    92 ||   182

Table legend: (Time is in decaauts)
 A = Elapsed time spent in this place.
 B = Non-inter-level travel time spent in this place.
 C = Inter-level travel time spent in this place.
 D = Time resting spent in this place.
 E = Time spent auto-exploring this place.
 F = Levels seen in this place.
 G = Mean time per level.
                   A        B        C        D        E       F      G
               +--------+--------+--------+--------+--------+-----+--------+
         Total |  33253 |  31739 |   1514 |   8071 |  13236 |  27 | 1231.6 |
       Dungeon |  20825 |  20028 |    797 |   6057 |   8742 |  15 | 1388.3 |
        Temple |    304 |    304 |      0 |      0 |    282 |   1 |  304.0 |
          Lair |   8494 |   8052 |    442 |   1353 |   3593 |   6 | 1415.7 |
  Orcish Mines |   3094 |   2820 |    274 |    464 |    615 |   2 | 1547.0 |
   Elven Halls |    473 |    473 |      0 |    197 |      3 |   1 |  473.0 |
         Abyss |     38 |     38 |      0 |      0 |      0 |   1 |   38.0 |
    Desolation |     23 |     23 |      0 |      0 |      0 |   1 |   23.0 |
               +--------+--------+--------+--------+--------+-----+--------+

Top non-repeatable levels by time:
     D:7: 2817 daAuts
  Lair:6: 1947 daAuts
    D:10: 1919 daAuts
   Orc:2: 1812 daAuts
     D:3: 1743 daAuts
     D:5: 1716 daAuts
  Lair:5: 1652 daAuts
  Lair:2: 1606 daAuts
     D:9: 1562 daAuts
    D:14: 1524 daAuts
     D:4: 1419 daAuts
  Lair:1: 1399 daAuts
     D:6: 1359 daAuts
     D:1: 1301 daAuts
   Orc:1: 1281 daAuts
